 Dungeon Crawl Stone Soup version 0.13.0-19-g8e0b589 (webtiles) character file.

349 Malachi the Shield-Bearer (level 5, -2/40 (41) HPs)
             Began as a Vampire Fighter on Oct 24, 2013.
             Was an Initiate of Okawaru.
             Slain by a phantom (5 damage)
             ... on Level 5 of the Dungeon.
             The game lasted 00:06:20 (2904 turns).

Malachi the Shield-Bearer (Vampire Fighter)         Turns: 2904, Time: 00:06:20

HP  -2/40 (41)   AC  6     Str 16      XL: 5   Next: 63%
MP   1/1         EV  6     Int 15      God: Okawaru [......]
Gold 130         SH 18     Dex 13      Spells:  0 memorised,  4 levels left

Res.Fire  : . . .   See Invis. : +   d - +0,+1 hand axe (antimagic)
Res.Cold  : . . .   Warding    : .   b - +0 scale mail
Life Prot.: + . .   Conserve   : .   p - +0 shield
Res.Poison: .       Res.Corr.  : .   (no helmet)
Res.Elec. : .       Clarity    : +   (no cloak)
Sust.Abil.: . .     Spirit.Shd : .   (no gloves)
Res.Mut.  : .       Stasis     : .   (no boots)
Res.Rott. : .       Flight     : .   t - amulet of clarity
Saprovore : . . .                    (no ring)
                                     (no ring)

@: brilliant, slightly resistant to hostile enchantments, extremely unstealthy
A: fangs 3, see invisible, spit poison 1, unbreathing
a: Spit Poison, Bat Form, Renounce Religion


You were on level 5 of the Dungeon.
You worshipped Okawaru.
Okawaru was noncommittal.
You were not thirsty.

You visited 1 branch of the dungeon, and saw 5 of its levels.

You collected 110 gold pieces.

Inventory:

Hand weapons
 a - a +0,+0 falchion
 d - a +0,+1 anti-magic hand axe (weapon)
Armour
 b - a +0 scale mail (worn)
 c - a +0 shield
 p - a +0 shield (worn)
Scrolls
 f - a scroll of fear
 g - 2 scrolls of teleportation {unknown}
 i - 5 scrolls of identify
 j - a scroll of enchant armour {unknown}
 k - 2 scrolls of magic mapping {unknown}
 m - a scroll of recharging {unknown}
 n - 2 scrolls of remove curse {unknown}
 o - a scroll of noise {unknown}
 r - a scroll of curse armour {unknown}
 s - a scroll of enchant weapon I {unknown}
Jewellery
 t - an amulet of clarity (around neck)


   Skills:
 + Level 3.1 Fighting
 - Level 2.2 Long Blades
 * Level 2.7 Axes
 + Level 3.0 Armour
 + Level 2.3 Dodging
 + Level 3.3 Shields


You had 4 spell levels left.
You didn't know any spells.

Dungeon Overview and Level Annotations

Branches:
Dungeon (5/27)
 Temple: D:4-7

Altars:
Ashenzari
Makhleb
Okawaru
Yredelemnul


Innate Abilities, Weirdness & Mutations

You have razor-sharp teeth.*
You have supernaturally acute eyesight.
You can survive without breathing.*
You can spit poison.+


Message History

Your shield and scale mail prevent you from hitting the phantom.
The phantom is almost destroyed.
The phantom hits you.
* * * LOW HITPOINT WARNING * * *
You hit the phantom.
The phantom is almost destroyed.
The phantom hits you.
* * * LOW HITPOINT WARNING * * *
You hit the phantom but do no damage.
The phantom is almost destroyed.
The phantom hits you.
* * * LOW HITPOINT WARNING * * *
The phantom hits you but does no damage.
Your scale mail prevents you from hitting the phantom.
The phantom is almost destroyed.
You block the phantom's attack.
You miss the phantom.
The phantom is almost destroyed.
The phantom hits you.
You die...

.....# #.# ########
.....###.### #......#
...........# #.####.#
.....##....# #.####.##
.....#.....#####.......###
#######.....ยง............#
##.#######.#.##..#.# #.#
#.p.....#.# #.# #@#...#.#.#
##+## #.#.#.#.#.# ##...##
#.......#.# ##.....##
###.......# ##.......##
##.#.####..
#.........####....####
+.........'............
#%........####....####
#####.......## ##.###


You could see a phantom.

Vanquished Creatures
  A hound (D:5)
  An orc wizard (D:3)
  5 adders
  4 worms
  5 giant geckos
  9 orcs
  4 bats
  5 giant cockroaches
  8 hobgoblins
  8 jackals (D:2)
  14 kobolds
  A quokka (D:3)
  4 giant newts
  5 goblins
  9 rats
83 creatures vanquished.

Notes
Turn   | Place    | Note
--------------------------------------------------------------
     0 | D:1      | Malachi, the Vampire Fighter, began the quest for the Orb.
     0 | D:1      | Reached XP level 1. HP: 18/18 MP: 1/1
   407 | D:1      | Reached XP level 2. HP: 22/24 MP: 0/2
   642 | D:2      | Reached skill level 3 in Shields
   671 | D:2      | Reached XP level 3. HP: 21/30 MP: 1/3
   710 | D:2      | Reached skill level 1 in Dodging
   874 | D:2      | Reached skill level 1 in Axes
   905 | D:2      | Reached XP level 4. HP: 10/36 MP: 1/4
  1139 | D:2      | Found a basalt altar of Yredelemnul.
  1547 | D:3      | Found a burning altar of Makhleb.
  1552 | D:3      | Found an iron altar of Okawaru.
  1553 | D:3      | Found a shattered altar of Ashenzari.
  1622 | D:3      | Became a worshipper of Warmaster Okawaru
  1687 | D:3      | Reached XP level 5. HP: 30/41 MP: 1/5
  1796 | D:3      | Found a basalt altar of Yredelemnul.
  2700 | D:4      | Noticed an ogre
  2717 | D:5      | Entered Level 5 of the Dungeon
  2828 | D:5      | Noticed a phantom
  2871 | D:5      | Gained mutation: You can spit poison. [potion of mutation]
  2884 | D:5      | HP: 2/40 [phantom (5)]
  2897 | D:5      | HP: 2/40 [phantom (6)]
  2902 | D:5      | HP: 2/40 [phantom (3)]
  2904 | D:5      | Slain by a phantom

Action                   |  1- 3 |  4- 6 || total
-------------------------+-------+-------++-------
Melee: Falchion          |    25 |       ||    25
       Hand axe          |    95 |   231 ||   326
  Use: Potion            |     2 |     6 ||     8
       Scroll            |       |     1 ||     1
